 Dungeon Crawl Stone Soup version 0.26-a0-946-g9485abf61d (webtiles) character file.

Game seed: 17668952304580511382

67 1994 the Ducker (level 3, 0/15 HPs)
             Began as a Felid Transmuter on Nov 28, 2020.
             Succumbed to an adder's poison
             ... on level 2 of the Dungeon.
             The game lasted 00:06:42 (1921 turns).

1994 the Ducker (Felid Transmuter)                  Turns: 1921, Time: 00:06:43

Health: 0/15       AC:  1    Str:  6    XL:     3   Next: 98%
Magic:  7/7        EV: 19    Int: 15    God:
Gold:   119        SH:  0    Dex: 16    Spells: 0/6 levels left
                                        Lives:  0   Deaths: 0

rFire    . . .     SeeInvis +     - Unarmed
rCold    . . .     Faith    .   (shield unavailable)
rNeg     . . .     Spirit   .   (armour unavailable)
rPois    .         Reflect  .   (helmet unavailable)
rElec    .         Harm     .   (cloak unavailable)
rCorr    .         Rampage  .   (gloves unavailable)
MR       .....                  (boots unavailable)
Stlth    +++.......             (no amulet)
HPRegen  0.05/turn              (no ring)
MPRegen  0.10/turn              (no ring)

@: lethally poisoned (0 -> -2), attractive, quick
A: very small, no armour, no weapons or thrown items, stealth, claws 1, fangs 3,
see invisible, speed 1, high mp 1, mutation resistance 1, shaggy fur 1,
inhibited regeneration, sharp paws
a: no special abilities


You were on level 2 of the Dungeon.
You visited 1 branch of the dungeon, and saw 2 of its levels.

You collected 119 gold pieces.

Inventory:

Jewellery
 b - an uncursed amulet of reflection {unknown}
 h - an uncursed amulet of the acrobat {unknown}
 j - an uncursed ring of see invisible {unknown}
Scrolls
 a - a scroll of enchant weapon {unknown}
 e - a scroll of random uselessness {unknown}
 f - 2 scrolls of identify {unknown}
Potions
 i - a potion of attraction


   Skills:
 + Level 1.4 Fighting
 + Level 3.4 Dodging
 * Level 2.4 Stealth
 + Level 3.2 Unarmed Combat
 - Level 2.0 Spellcasting
 * Level 3.1 Transmutations
 * Level 0.4 Poison Magic


You couldn't memorise any spells.
You knew the following spells:

 Your Spells              Type           Power        Failure   Level
a - Beastly Appendage     Tmut           ##....       6%          1
b - Wereblood             Tmut           ##......     10%         2
c - Spider Form           Tmut/Pois      #.........   32%         3

Your spell library contained the following spells:

 Spells                   Type           Power        Failure   Level
 Ice Form                 Ice/Tmut       #.......     75%         4
 Blade Hands              Tmut           ##........   86%         5


Dungeon Overview and Level Annotations

Branches:
Dungeon (2/15)

Altars:
Uskayaw

Annotations:
D:2 Jessica


Innate Abilities, Weirdness & Mutations

You cannot wear armour.
You are incapable of wielding weapons or throwing items.
Your paws allow you to move quietly. (Stealth)
You have sharp claws.
You have razor-sharp teeth.
You have supernaturally acute eyesight. (SInv)
You cover ground quickly.
You are covered in fur. (AC +1)
Your sharp claws are effective at attacking unaware monsters.
You have an increased reservoir of magic. (+10% MP)
You are somewhat resistant to further mutation.
You do not regenerate when monsters are visible.


Message History

You feel sick.
Unknown command.
It was a potion of magic.
Magic courses through your body.
Your horns disappear.
It was a potion of attraction.
You feel attractive to monsters.
Unknown command.
Unknown command.
Okay, then.
Unknown command.
Okay, then.
Unknown command.
Unknown command.
Unknown command.
* * * LOW HITPOINT WARNING * * *
You feel sick.
* * * LOW HITPOINT WARNING * * *
You feel sick.
You die...

.....# #.## # .....# #..# #
.....# #.###### # .....#
#####......# # ######
#..........# #
##########.....###..# #
#........#.....###..# #
#....†...#......##..## #
#.............@......# #
#..........##......#.# #
#..........###.....#.##########
#..........###...(.#...........
#####'#............############
#†#........##### #.#..........#
..#######...## ... #...#


There were no monsters in sight!

Vanquished Creatures
  An adder (D:2)
  3 dart slugs (D:1)
  2 leopard geckos (D:1)
  A giant cockroach (D:2)
  9 hobgoblins (D:1)
  4 jackals
  3 kobolds
  2 quokkas (D:2)
  6 bats
  3 frilled lizards (D:1)
  9 goblins
  3 rats
46 creatures vanquished.

Vanquished Creatures (others)
  7 plants (D:1)
7 creatures vanquished.

Grand Total: 53 creatures vanquished

Notes
Turn   | Place    | Note
-------+----------+-------------------------------------------
     0 | D:1      | 1994 the Felid Transmuter began the quest for the Orb.
     0 | D:1      | Reached XP level 1. HP: 9/9 MP: 4/4
    86 | D:1      | Reached skill level 1 in Stealth
    91 | D:1      | Reached XP level 2. HP: 12/12 MP: 4/6
   162 | D:1      | Learned a level 2 spell: Wereblood
   337 | D:2      | Noticed Jessica
   613 | D:1      | Reached XP level 3. HP: 14/15 MP: 7/7
   816 | D:1      | Learned a level 3 spell: Spider Form
  1841 | D:2      | Found a hide-covered altar of Uskayaw.
  1907 | D:2      | Gained mutation: You have an increased reservoir of magic.
                  | (+10% MP) [potion of mutation]
  1907 | D:2      | Gained mutation: You do not regenerate when monsters are
                  | visible. [potion of mutation]
  1907 | D:2      | Gained mutation: You are somewhat resistant to further
                  | mutation. [potion of mutation]
  1921 | D:2      | Succumbed to an adder's poison

Illustrated notes

Levels and vault maps discovered:
D:1:      lightli_arrival_chessboard, layout_rooms, serial_bayou,
          serial_bayou_pond_e, serial_bayou_pond_e, serial_bayou_shore_a,
          serial_bayou_pond_b, solitary_fountain,
          hangedman_abyss_or_decor_lesser_grid, minmay_close_crescents
D:2:      layout_basic, nicolae_overflow_crystal_walls,
          yredelemnul_altar_generic, uniq_jessica

Skill      XL: |  1  2  3 |
---------------+----------+-----
Stealth        | 1 2 |  2.4
Dodging        | 3 |  3.4
Transmutations | 3 |  3.1
Fighting       | |  1.4
Unarmed Combat | |  3.2
Spellcasting   | |  2.0
Poison Magic   | |  0.4

Action                   || total
-------------------------++-------
Melee: Unarmed           ||   164
       Bite              ||    10
       Headbutt          ||    18
 Cast: Beastly Appendage ||    18
  Use: Potion            ||     4
 Stab: Sleeping          ||     1
Armor: Skin              ||     8
Dodge: Dodged            ||   133

Table legend: (Time is in decaauts)
 A = Elapsed time spent in this place.
 B = Non-inter-level travel time spent in this place.
 C = Inter-level travel time spent in this place.
 D = Time resting spent in this place.
 E = Time spent auto-exploring this place.
 F = Levels seen in this place.
 G = Mean time per level.
                   A        B        C        D        E       F      G
               +--------+--------+--------+--------+--------+-----+--------+
         Total |   1776 |   1763 |     13 |    848 |    370 |   2 |  888.0 |
       Dungeon |   1776 |   1763 |     13 |    848 |    370 |   2 |  888.0 |
               +--------+--------+--------+--------+--------+-----+--------+

Top non-repeatable levels by time:
     D:1: 1144 daAuts
     D:2: 632 daAuts
